 Dungeon Crawl Stone Soup version 0.31.0-32-g396128a36d (webtiles) character file.

Game seed: 5744767797854479653

10 Dvallin the Changeling (level 2, -1/15 HPs)
             Began as a Draconian Shapeshifter on Apr 1, 2024.
             Slain by a goblin
             ... wielding a +0 dagger
              (3 damage)
             ... on level 1 of the Dungeon.
             The game lasted 00:00:31 (252 turns).

Dvallin the Changeling (Draconian Shapeshifter)      Turns: 252, Time: 00:00:31

Health: -1/15      AC:  4    Str: 16    XL:     2   Next: 10%
Magic:  2/2        EV: 16    Int: 10    God:
Gold:   11         SH:  0    Dex: 10    Spells: 1/1 levels left

rFire   . .          .
                       - Unarmed
rCold   . . .        (shield currently unavailable)
rNeg    . . .        (body armour unavailable)
rPois   .            (helmet restricted)
rElec   .            (no cloak)
rCorr   .            (no gloves)
SInv    .            (no boots)
Will    .....        (no amulet)
Stlth   +            (no ring)
HPRegen 0.22/turn    (no ring)
MPRegen 0.08/turn

%: no passive effects
@: flux-form, slowed, glowing, very slow
A: glow, contaminating, reduced hp, AC +4, unfitting armour, cold-blooded
a: Begin Untransformation


You were on level 1 of the Dungeon.
You were something dangerously unstable.
You visited 1 branch of the dungeon, and saw 1 of its levels.

You collected 11 gold pieces.

Inventory:

Talismans
 b - a beast talisman
 c - a flux talisman (active)
Scrolls
 e - a scroll of blinking {unknown}
 f - a scroll of identify {unknown}
 g - 2 scrolls of poison {unknown}
 h - a scroll of brand weapon {unknown}
 i - a scroll of teleportation {unknown}
Potions
 a - a potion of lignification
 d - a potion of brilliance {unknown}
 j - 2 potions of ambrosia {unknown}


   Skills:
 - Level 1.1 Fighting
 - Level 1.7 Dodging
 - Level 3.0 Unarmed Combat
 + Level 3.5 Shapeshifting


You had one spell level left.
You didn't know any spells.
Your spell library was empty.

Dungeon Overview and Level Annotations

Branches:
Dungeon (1/15)

Altars:


Innate Abilities, Weirdness & Mutations

You are something dangerously unstable.
You glow with magical radiation, making you easy to see and hit.
Foes you strike become dangerously contaminated with magical radiation.
Your maximum health is decreased, since you lack skill for your form.
You are incapable of wielding weapons or throwing items.
Your plain brown scales are hard. (AC +4)
You cannot fit into any form of body armour.
You are cold-blooded and may be slowed by cold attacks.


Message History

A goblin comes into view. It is wielding a +0 dagger.
The goblin shouts!
There is a stone staircase leading down here.
A frilled lizard and an endoplasm come into view.
The frilled lizard hisses angrily.
The endoplasm quivers.
You see here a scroll labelled ZANIUXKUAJI.
You hit the goblin but do no damage.
The goblin begins to glow.
The goblin barely misses you.
You hit the goblin.
The goblin glows dangerously bright.
The goblin is severely wounded.
The goblin hits you with a +0 club.
You hit the goblin.
You kill the goblin!
The goblin hits you but does no damage.
You have reached level 2!
You barely miss the goblin.
The frilled lizard unfolds its giant frill.
The goblin barely misses you.
You barely miss the goblin. The goblin hits you with a +0 dagger.
You hit the endoplasm.
The endoplasm begins to glow.
The endoplasm is lightly wounded.
The frilled lizard misses you. The endoplasm misses you.
The goblin hits you but does no damage.
You hit the endoplasm.
The endoplasm glows dangerously bright.
The endoplasm is lightly wounded.
The frilled lizard completely misses you.
The goblin hits you with a +0 dagger. The endoplasm freezes you.
You are frozen.
* * * LOW HITPOINT WARNING * * *
You feel yourself slow down.
You hit the endoplasm.
The endoplasm shudders as magic cascades through it!!
You kill the endoplasm!
The frilled lizard closely misses you. The goblin hits you but does no damage.
The frilled lizard bites you.
* * * LOW HITPOINT WARNING * * *
The goblin attacks as it pursues you! The goblin hits you with a +0 dagger.
You die...

.....# ####### .###.#
#.....# #.. ##...#
#.....# #.. ##.###
#.)...##..####.
...#######......#.......
...................(....
########.#..............
#......'#######.........
........# #...p.......
...##...#####..?lg......
..####..#.....>.........
..####..#####.##........
...##...# #.###.......
........#####.## ####..#
.......##.....># #..
<.##########...# ..
..######)......#####


You could see a goblin and a frilled lizard.

Vanquished Creatures
  5 endoplasms (D:1)
  A goblin (D:1)
  A kobold (D:1)
  A frilled lizard (D:1)
8 creatures vanquished.

Notes
Turn   | Place    | Note
-------+----------+-------------------------------------------
     0 | D:1      | Dvallin the Draconian Shapeshifter began the quest for the
                  | Orb.
     0 | D:1      | Reached XP level 1. HP: 16/16 MP: 1/1
   247 | D:1      | Reached XP level 2. HP: 10/23 MP: 2/2
   252 | D:1      | Slain by a goblin

Illustrated notes

Levels and vault maps discovered:
D:1:      minmay_arrival_four_loops, layout_rooms,
          dreamdust_ecumenical_altar_angels_and_demons, corner_web_ring

Action                     || total
---------------------------++-------
  Melee: Unarmed           ||    37
         Tailslap          ||     3
 Armour: Skin              ||    13
  Dodge: Dodged            ||    24
   Form: Flux              ||     1
